 Dungeon Crawl Stone Soup version 0.21.1-1-g345015f (webtiles) character file.

1732 tidbits the Grave Robber (level 9, 56/65 HPs)
             Began as a Gnoll Necromancer on June 13, 2018.
             Was a Follower of Cheibriados.
             Quit the game on level 9 of the Dungeon.
             The game lasted 00:31:28 (1911 turns).

tidbits the Grave Robber (Gnoll Necromancer)        Turns: 1911, Time: 00:31:29

Health: 56/65      AC:  4    Str: 15    XL:     9   Next: 5%
Magic:  8/18       EV: 16    Int: 23    God:    Cheibriados [*.....]
Gold:   175        SH:  0    Dex: 18    Spells: 7/20 levels left

rFire    . . .     SeeInvis .   L - -3 war axe (curse)
rCold    . . .     Gourm    +   (no shield)
rNeg     + . .     Faith    .   B - +0 robe
rPois    .         Spirit   .   (no helmet)
rElec    .         Reflect  .   (no cloak)
rCorr    .         Harm     .   G - +1 pair of gloves
MR       .....                  (no boots)
Stlth    +++.......             f - amulet of the gourmand
HPRegen  0.20/turn              y - ring of positive energy
MPRegen  0.16/turn              (no ring)

@: very slow
A: distributed training, fangs 1, strong nose
a: Bend Time, Renounce Religion


You were on level 9 of the Dungeon.
You worshipped Cheibriados.
Cheibriados was aware of your devotion.
You were not hungry.

You visited 1 branch of the dungeon, and saw 9 of its levels.
You also visited: Sewer.

You collected 175 gold pieces.

Inventory:

Hand Weapons
 a - a +1 dire flail of crushing
   (You took it off Edmund on level 6 of the Dungeon)
 b - a +0 dagger
 d - a +0 club
 g - a +0 short sword
 l - a +2 short sword of speed
   (You took it off a kobold on level 1 of the Dungeon)
 s - a +0 long sword
 t - a +5 dagger of distortion
   (You took it off a goblin on level 3 of the Dungeon)
 u - a +0 flail
 v - a +0 war axe
 E - a +0 rapier
 L - a cursed -3 war axe (weapon)
 M - a +0 hand crossbow
 O - a +2 short sword of draining
   (You took it off a kobold on level 6 of the Dungeon)
 P - a +0 scythe
Missiles
 i - 17 sling bullets
 j - 37 arrows
 m - 2 stones
 D - 3 tomahawks (quivered)
 N - 13 bolts
Armour
 w - a +0 ring mail
 z - a +0 pair of gloves
 B - a +0 robe (worn)
 G - a +1 pair of gloves (worn)
 K - a cursed +0 helmet
Jewellery
 f - an amulet of the gourmand (around neck)
   (You found it on level 1 of the Dungeon)
 y - a ring of positive energy (left hand)
   (You found it on level 3 of the Dungeon)
Wands
 F - a wand of polymorph (10)
Scrolls
 h - a scroll of amnesia
 n - 4 scrolls of teleportation
 p - a scroll of immolation
 r - a scroll of fog
 x - a scroll of enchant armour
Potions
 k - a potion of curing
 q - a potion of brilliance
 C - a potion of flight
 H - a potion of berserk rage {unknown}
 Q - a potion of agility {unknown}
Books
 e - a book of Necromancy

   Spells                             Type                      Level
   a - Pain                           Necromancy                   1
   b - Animate Skeleton               Necromancy                   1
   c - Vampiric Draining              Necromancy                   3
   d - Regeneration                   Charms/Necromancy            3
   e - Animate Dead                   Necromancy                   4
   f - Borgnjor's Vile Clutch         Necromancy/Earth             5
 o - a book of Minor Magic
   (You found it on level 6 of the Dungeon)

   Spells                             Type                      Level
   a - Magic Dart                     Conjuration                  1
   b - Blink                          Translocation                2
   c - Call Imp                       Summoning                    2
   d - Slow                           Hexes                        2
   e - Conjure Flame                  Conjuration/Fire             3
   f - Mephitic Cloud                 Conjuration/Poison/Air       3
 A - a book of Flames
   (You found it on level 4 of the Dungeon)

   Spells                             Type                      Level
   a - Flame Tongue                   Conjuration/Fire             1
   b - Throw Flame                    Conjuration/Fire             2
   c - Conjure Flame                  Conjuration/Fire             3
   d - Inner Flame                    Hexes/Fire                   3
   e - Sticky Flame                   Conjuration/Fire             4
   f - Fireball                       Conjuration/Fire             5
Comestibles
 c - 10 rations


   Skills:
 + Level 3.7 Fighting
 + Level 3.7 Short Blades
 + Level 3.7 Long Blades
 + Level 3.7 Axes
 + Level 3.7 Maces & Flails
 + Level 3.7 Polearms
 + Level 3.7 Staves
 + Level 3.7 Slings
 + Level 3.7 Bows
 + Level 3.7 Crossbows
 + Level 3.7 Throwing
 + Level 3.7 Armour
 + Level 6.0 Dodging
 + Level 5.7 Stealth
 + Level 3.7 Shields
 + Level 3.7 Unarmed Combat
 + Level 6.3 Spellcasting
 + Level 3.1 Conjurations
 + Level 3.1 Hexes
 + Level 3.1 Charms
 + Level 3.1 Summonings
 + Level 7.8 Necromancy
 + Level 3.1 Translocations
 + Level 3.1 Transmutations
 + Level 3.1 Fire Magic
 + Level 3.1 Ice Magic
 + Level 3.1 Air Magic
 + Level 3.1 Earth Magic
 + Level 3.1 Poison Magic
 + Level 4.1 Invocations
 + Level 3.7 Evocations


You had 7 spell levels left.
You knew the following spells:

 Your Spells              Type           Power        Failure   Level  Hunger
a - Pain                  Necr           ####         1%          1    None
d - Vampiric Draining     Necr           #####.....   1%          3    #......
n - Animate Skeleton      Necr           N/A          1%          1    None
r - Regeneration          Chrm/Necr      ####......   2%          3    #......
v - Borgnjor's Vile Clut  Necr/Erth      ####......   24%         5    #####..


Dungeon Overview and Level Annotations

Branches:
Dungeon (8/15)               Lair (0/6) D:9
 Temple: D:4-7

Altars:
Cheibriados
Okawaru
Qazlal
Vehumet

Annotations:
D:8 4thArraOfDagon's ghost, novice GnNe; Joseph


Innate Abilities, Weirdness & Mutations

Your experience applies equally to all skills.
You have very sharp teeth.
Your uncanny sense of smell can sniff out nearby items.


Message History

Things that are here:
a falchion; an orc corpse
Items here: )) [[ †††
Okay, then.
Butcher an orc corpse? [(y)es/(c)hoosy/(n)o/(a)ll/(e)dible/(q)uit/?]
Butcher a quokka corpse? [(y)es/(c)hoosy/(n)o/(a)ll/(e)dible/(q)uit/?]
Okay, then.
You butcher the orc corpse.
Items here: % )) [[ ÷ †† Unknown command.
Eat one of 4 chunks of flesh? (ye/n/q)
You eat one of the 4 chunks of flesh.
This raw flesh tastes great.
You see here 16 gold pieces.
You now have 147 gold pieces (gained 16).
Found 28 gold pieces.
There is a staircase to the Lair here.
Found a scale mail.
Casting: Vampiric Draining
Confirm with . or Enter, or press ? or * to list all spells.
Your skin crawls.
You see here 14 gold pieces.
You now have 161 gold pieces (gained 14).
You see here 14 gold pieces.
You now have 175 gold pieces (gained 14).
Your skin is crawling a little less now.
Your skin stops crawling.
Casting: Regeneration
Confirm with . or Enter, or press ? or * to list all spells.
Your skin crawls.
Found a stone staircase leading down.
A kobold comes into view. It is wielding a whip.
Found a stone staircase leading down.
Your skin is crawling a little less now.
Found a hunting sling.
Found a stone staircase leading down.
A kobold and a big kobold come into view.
The big kobold shouts!
You miss the kobold. Your bite misses the kobold.
Your skin stops crawling.
The kobold hits you but does no damage.
You slash the kobold!
You kill the kobold!
Cheibriados appreciates the change of pace.
The kobold throws a stone.
The stone hits you but does no damage.
Okay, then.
Found a throwing net.
You see here a whip.
The big kobold closely misses you. x2
You hit the big kobold but do no damage.
You bite the big kobold, but do no damage.
You slash the kobold!
You kill the kobold!
Cheibriados thoroughly appreciates the change of pace.
The big kobold hits you.
You hit the big kobold but do no damage.
The big kobold completely misses you.
You barely miss the big kobold. The big kobold misses you.
You barely miss the big kobold. The big kobold barely misses you.
The big kobold hits you but does no damage.
Casting: Regeneration
Confirm with . or Enter, or press ? or * to list all spells.
Aiming: Pain
Press: ? - help, Shift-Dir - straight line, f - big kobold
Aim: a big kobold (chance to defeat MR: 84%)
The big kobold writhes in agony!
The big kobold misses you.
Casting: Pain
Confirm with . or Enter, or press ? or * to list all spells.
Aiming: Pain
Press: ? - help, Shift-Dir - straight line, f/p - big kobold
Aim: a big kobold (lightly wounded, chance to defeat MR: 84%)
The big kobold writhes in agony!
The big kobold hits you.
Casting: Pain
Confirm with . or Enter, or press ? or * to list all spells.
Aiming: Pain
Press: ? - help, Shift-Dir - straight line, f/p - big kobold
Aim: a big kobold (heavily wounded, chance to defeat MR: 84%)
The big kobold writhes in agony!
The big kobold misses you.
Casting: Pain
Confirm with . or Enter, or press ? or * to list all spells.
Aiming: Pain
Press: ? - help, Shift-Dir - straight line, f/p - big kobold
Aim: a big kobold (severely wounded, chance to defeat MR: 84%)
The big kobold barely resists.
The big kobold barely misses you.
Casting: Pain
Confirm with . or Enter, or press ? or * to list all spells.
Aiming: Pain
Press: ? - help, Shift-Dir - straight line, f/p - big kobold
Aim: a big kobold (severely wounded, chance to defeat MR: 84%)
The big kobold writhes in agony!
The big kobold barely misses you.
Casting: Pain
Confirm with . or Enter, or press ? or * to list all spells.
Aiming: Pain
Press: ? - help, Shift-Dir - straight line, f/p - big kobold
Aim: a big kobold (almost dead, chance to defeat MR: 84%)
The big kobold writhes in agony!
You kill the big kobold!
Cheibriados appreciates the change of pace.
Your Dodging skill increases to level 6!
Unknown command.
Are you sure you want to abandon this character and quit the game? (Confirm with "yes".)

.##..#. ......
#........# ....... .##
.......)## ....... ....
....>...##.......
....##.#..............
#..#......#............
.........#.......>..#
#.##.....##.()....#
..#.##.....##...@>..#
................)....#
#.#.......#.........#
#.#.................#
#.#.......#..........#
###.#.#.#..###..........
..........## ##...#...(.
......#.#.# ######....
.#........#


There were no monsters in sight!

Vanquished Creatures
  A hippogriff (D:9)
  Eustachio (D:4)
  Edmund (D:6)
  3 sky beasts
  A phantom (D:9)
  An ogre (D:4)
  2 big kobolds
  3 bullfrogs
  4 howler monkeys
  3 hounds
  4 worker ants
  A killer bee zombie (D:8)
  4 adders
  A river rat (Sewer)
  A shadow imp (D:6)
  An ooze (D:1)
  A worm (D:4)
  An adder skeleton (D:7)
  A dart slug (D:1)
  5 leopard geckos
  9 orcs
  2 giant cockroaches (D:1)
  9 goblins
  8 hobgoblins
  13 jackals
  17 kobolds
  2 quokkas
  3 ball pythons
  5 bats
  4 frilled lizards
  6 rats
118 creatures vanquished.

Vanquished Creatures (others)
  2 orcs (D:3)
  A bat (D:3)
  A frilled lizard (D:3)
4 creatures vanquished.

Grand Total: 122 creatures vanquished

Notes
Turn   | Place    | Note
-------+----------+-------------------------------------------
     0 | D:1      | tidbits the Gnoll Necromancer began the quest for the Orb.
     0 | D:1      | Reached XP level 1. HP: 13/13 MP: 6/6
    25 | D:1      | Reached XP level 2. HP: 16/19 MP: 3/7
    28 | D:1      | Learned a level 1 spell: Animate Skeleton
    67 | D:1      | HP: 2/20 [kobold/short sword (2)]
   157 | D:1      | Reached XP level 3. HP: 2/25 MP: 0/9
   162 | D:1      | Learned a level 3 spell: Vampiric Draining
   166 | D:1      | Learned a level 3 spell: Regeneration
   241 | D:1      | Reached skill level 5 in Spellcasting
   466 | D:2      | Reached skill level 1 in Invocations
   519 | D:3      | Reached skill level 1 in Fighting
   519 | D:3      | Reached skill level 1 in Short Blades
   519 | D:3      | Reached skill level 1 in Long Blades
   519 | D:3      | Reached skill level 1 in Axes
   519 | D:3      | Reached skill level 1 in Maces & Flails
   519 | D:3      | Reached skill level 1 in Polearms
   519 | D:3      | Reached skill level 1 in Staves
   519 | D:3      | Reached skill level 1 in Slings
   519 | D:3      | Reached skill level 1 in Bows
   519 | D:3      | Reached skill level 1 in Crossbows
   519 | D:3      | Reached skill level 1 in Throwing
   519 | D:3      | Reached skill level 1 in Armour
   519 | D:3      | Reached skill level 1 in Shields
   519 | D:3      | Reached skill level 1 in Unarmed Combat
   519 | D:3      | Reached skill level 1 in Evocations
   593 | D:3      | Reached XP level 4. HP: 27/32 MP: 8/11
   637 | D:3      | Found an iron altar of Okawaru.
   717 | D:4      | Noticed Eustachio
   728 | D:5      | Entered Level 5 of the Dungeon
   735 | D:5      | Reached skill level 1 in Conjurations
   735 | D:5      | Reached skill level 1 in Hexes
   735 | D:5      | Reached skill level 1 in Charms
   735 | D:5      | Reached skill level 1 in Summonings
   735 | D:5      | Reached skill level 1 in Translocations
   735 | D:5      | Reached skill level 1 in Transmutations
   735 | D:5      | Reached skill level 1 in Fire Magic
   735 | D:5      | Reached skill level 1 in Ice Magic
   735 | D:5      | Reached skill level 1 in Air Magic
   735 | D:5      | Reached skill level 1 in Earth Magic
   735 | D:5      | Reached skill level 1 in Poison Magic
   743 | D:5      | Found a radiant altar of Vehumet.
   748 | D:4      | Found a glowing drain.
   753 | D:4      | Reached XP level 5. HP: 31/37 MP: 9/12
   778 | D:4      | Noticed an ogre
   792 | D:4      | Killed an ogre
   813 | Sewer    | Entered a sewer
   817 | Sewer    | Reached XP level 6. HP: 21/44 MP: 4/13
   856 | Sewer    | Reached skill level 2 in Invocations
   887 | Sewer    | Found a white marble altar of Elyvilon.
   935 | D:4      | Reached skill level 2 in Fighting
   935 | D:4      | Reached skill level 2 in Short Blades
   935 | D:4      | Reached skill level 2 in Long Blades
   935 | D:4      | Reached skill level 2 in Axes
   935 | D:4      | Reached skill level 2 in Maces & Flails
   935 | D:4      | Reached skill level 2 in Polearms
   935 | D:4      | Reached skill level 2 in Staves
   935 | D:4      | Reached skill level 2 in Slings
   935 | D:4      | Reached skill level 2 in Bows
   935 | D:4      | Reached skill level 2 in Crossbows
   935 | D:4      | Reached skill level 2 in Throwing
   935 | D:4      | Reached skill level 2 in Armour
   935 | D:4      | Reached skill level 5 in Dodging
   935 | D:4      | Reached skill level 2 in Shields
   935 | D:4      | Reached skill level 2 in Unarmed Combat
   935 | D:4      | Reached skill level 2 in Evocations
  1007 | D:4      | Killed Eustachio
  1007 | D:4      | Reached XP level 7. HP: 20/50 MP: 1/15
  1095 | D:4      | Found a stormy altar of Qazlal.
  1162 | D:5      | Learned a level 5 spell: Borgnjor's Vile Clutch
  1172 | D:5      | Reached skill level 2 in Conjurations
  1172 | D:5      | Reached skill level 2 in Hexes
  1172 | D:5      | Reached skill level 2 in Charms
  1172 | D:5      | Reached skill level 2 in Summonings
  1172 | D:5      | Reached skill level 2 in Translocations
  1172 | D:5      | Reached skill level 2 in Transmutations
  1172 | D:5      | Reached skill level 2 in Fire Magic
  1172 | D:5      | Reached skill level 2 in Ice Magic
  1172 | D:5      | Reached skill level 2 in Air Magic
  1172 | D:5      | Reached skill level 2 in Earth Magic
  1172 | D:5      | Reached skill level 2 in Poison Magic
  1175 | D:5      | You fall through a shaft for 2 floors!
  1207 | D:7      | Reached skill level 5 in Stealth
  1207 | D:7      | Reached skill level 3 in Invocations
  1222 | D:6      | Found a snail-covered altar of Cheibriados.
  1233 | D:6      | Became a worshipper of Cheibriados the Contemplative
  1280 | D:6      | Noticed Edmund
  1293 | D:6      | Killed Edmund
  1293 | D:6      | Reached XP level 8. HP: 39/57 MP: 0/16
  1468 | D:7      | Reached skill level 3 in Fighting
  1468 | D:7      | Reached skill level 3 in Short Blades
  1468 | D:7      | Reached skill level 3 in Long Blades
  1468 | D:7      | Reached skill level 3 in Axes
  1468 | D:7      | Reached skill level 3 in Maces & Flails
  1468 | D:7      | Reached skill level 3 in Polearms
  1468 | D:7      | Reached skill level 3 in Staves
  1468 | D:7      | Reached skill level 3 in Slings
  1468 | D:7      | Reached skill level 3 in Bows
  1468 | D:7      | Reached skill level 3 in Crossbows
  1468 | D:7      | Reached skill level 3 in Throwing
  1468 | D:7      | Reached skill level 3 in Armour
  1468 | D:7      | Reached skill level 3 in Shields
  1468 | D:7      | Reached skill level 3 in Unarmed Combat
  1468 | D:7      | Reached skill level 3 in Evocations
  1641 | D:6      | Reached * piety under Cheibriados
  1733 | D:8      | Noticed Joseph
  1733 | D:8      | Noticed a two-headed ogre
  1733 | D:8      | Noticed 4thArraOfDagon's ghost (novice GnNe)
  1742 | D:8      | Reached skill level 6 in Spellcasting
  1765 | D:8      | You fall through a shaft!
  1765 | D:9      | Noticed a hippogriff
  1771 | D:9      | Killed a hippogriff
  1794 | D:9      | Reached skill level 3 in Conjurations
  1794 | D:9      | Reached skill level 3 in Hexes
  1794 | D:9      | Reached skill level 3 in Charms
  1794 | D:9      | Reached skill level 3 in Summonings
  1794 | D:9      | Reached skill level 3 in Translocations
  1794 | D:9      | Reached skill level 3 in Transmutations
  1794 | D:9      | Reached skill level 3 in Fire Magic
  1794 | D:9      | Reached skill level 3 in Ice Magic
  1794 | D:9      | Reached skill level 3 in Air Magic
  1794 | D:9      | Reached skill level 3 in Earth Magic
  1794 | D:9      | Reached skill level 3 in Poison Magic
  1794 | D:9      | Reached skill level 4 in Invocations
  1800 | D:9      | Found a staircase to the Lair.
  1844 | D:9      | Reached XP level 9. HP: 65/65 MP: 9/18
  1910 | D:9      | Reached skill level 6 in Dodging
  1911 | D:9      | Quit the game

Skill      XL: |  1  2  3  4  5  6  7  8  9 |
---------------+----------------------------+-----
Spellcasting   | 5 6 |  6.3
Invocations    | 1 2 3 4 |  4.1
Fighting       | 1 2 3 |  3.7
Short Blades   | 1 2 3 |  3.7
Long Blades    | 1 2 3 |  3.7
Axes           | 1 2 3 |  3.7
Maces & Flails | 1 2 3 |  3.7
Polearms       | 1 2 3 |  3.7
Staves         | 1 2 3 |  3.7
Slings         | 1 2 3 |  3.7
Bows           | 1 2 3 |  3.7
Crossbows      | 1 2 3 |  3.7
Throwing       | 1 2 3 |  3.7
Armour         | 1 2 3 |  3.7
Shields        | 1 2 3 |  3.7
Unarmed Combat | 1 2 3 |  3.7
Evocations     | 1 2 3 |  3.7
Conjurations   | 1 2 3 |  3.1
Hexes          | 1 2 3 |  3.1
Charms         | 1 2 3 |  3.1
Summonings     | 1 2 3 |  3.1
Translocations | 1 2 3 |  3.1
Transmutations | 1 2 3 |  3.1
Fire Magic     | 1 2 3 |  3.1
Ice Magic      | 1 2 3 |  3.1
Air Magic      | 1 2 3 |  3.1
Earth Magic    | 1 2 3 |  3.1
Poison Magic   | 1 2 3 |  3.1
Dodging        | 5 6 |  6.0
Stealth        | 5 |  5.7
Necromancy     | |  7.8

Action                   |  1- 3 |  4- 6 |  7- 9 || total
-------------------------+-------+-------+-------++-------
Melee: Club              |     3 |       |       ||     3
       Bite              |     3 |     3 |     8 ||    14
       Short sword       |    21 |    67 |    21 ||   109
       Unarmed           |       |    18 |       ||    18
       Dire flail        |       |       |    55 ||    55
       War axe           |       |       |    33 ||    33
       Dagger            |       |       |     3 ||     3
 Cast: Pain              |    46 |    23 |    40 ||   109
       Vampiric Draining |     1 |     8 |     8 ||    17
       Regeneration      |     1 |     1 |     8 ||    10
       Borgnjor's Vile C |       |       |     2 ||     2
Evoke: Wand              |       |       |     8 ||     8
  Use: Potion            |       |     3 |     2 ||     5
       Scroll            |       |       |    10 ||    10
 Stab: Sleeping          |     6 |     3 |    16 ||    25
  Eat: Chunk             |       |     1 |     4 ||     5
Armor: Robe              |     3 |     4 |    14 ||    21
       Skin              |       |       |    61 ||    61
Dodge: Dodged            |    21 |   110 |    88 ||   219

Table legend:
 A = Turns spent in this place as a percentage of turns spent in the entire game.
 B = Non-inter-level travel turns spent in this place as a percentage of non-inter-level travel turns spent in the entire game.
 C = Inter-level travel turns spent in this place as a percentage of turns spent in this place.
 D = Turns resting spent in this place as a percentage of non-inter-level travel turns spent in this place.
 E = Turns spent auto-exploring this place as a percentage of non-inter-level travel turns spent in this place.
 F = Non-inter-level travel turns spent in this place divided by the number of levels of this place that you've seen.
                   A       B       C       D       E      F
               +-------+-------+-------+-------+-------+----------------------
         Total | 100.0 | 100.0 |   0.0 |   0.1 |   0.0 | 191.1
       Dungeon |  94.3 |  94.3 |   0.0 |   0.1 |   0.0 | 200.2
         Sewer |   5.7 |   5.7 |   0.0 |   0.0 |   0.0 | 109.0
               +-------+-------+-------+-------+-------+----------------------

Table legend:
 A = Kills in this place as a percentage of kills in entire the game.
 B = Kills by you in this place as a percentage of kills by you in the entire game.
 C = Kills by friends in this place as a percentage of kills by friends in the entire game.
 D = Other kills in this place as a percentage of other kills in the entire game.
 E = Experience gained in this place as a percentage of experience gained in the entire game.
 F = Experience gained in this place divided by the number of levels of this place that you have seen.
                   A       B       C       D       E      F
               +-------+-------+-------+-------+-------+----------------------
         Total | 100.0 | 100.0 |   N/A |   N/A | 100.0 | 247.5
       Dungeon |  93.2 |  93.2 |   N/A |   N/A |  95.1 | 261.4
         Sewer |   6.8 |   6.8 |   N/A |   N/A |   4.9 | 122.0
               +-------+-------+-------+-------+-------+----------------------

Vault maps used:
D:1:      lightli_molten_gateway, hex_medium
D:3:      grunt_temple_overflow_holy_war, okawaru_gym_becter
D:4:      nicolae_qazlal_eye_of_the_storm, lemuel_doored_altar,
          minmay_temple_entry_fiery, cheibrodos_sewer_entry_drain,
          uniq_eustachio
D:5:      kennysheep_little_box, first_ration
D:6:      corexii_shack_village, cheibriados_altar_1, uniq_edmund
D:8:      enter_bailey_8, uniq_joseph
D:9:      nemelex_altar_shiori, lair_entry_dummy, serial_glass, glass_columns_b,
          glass_columns_a, glass_columns_b, glass_columns_a,
          hangedman_fish_farm, corner_web_ring, minmay_pinched_square,
          uniq_psyche
Sewer:    sewer_kobolds
